 Dungeon Crawl Stone Soup version 0.30-a0-373-gd37427bb62 (webtiles) character file.

Game seed: 12590133254991269022

23 KennySheep the Insei (level 2, -1/22 HPs)
             Began as a Demigod Transmuter on Nov 23, 2022.
             Killed from afar by Natasha (8 damage)
             ... with a magic dart
             ... on level 2 of the Dungeon.
             The game lasted 00:02:12 (933 turns).

KennySheep the Insei (Demigod Transmuter)            Turns: 933, Time: 00:02:13

Health: -1/22      AC:  2    Str: 11    XL:     2   Next: 54%
Magic:  6/7        EV: 12    Int: 15    God:
Gold:   94         SH:  0    Dex: 14    Spells: 3/4 levels left

rFire   . . .      SeeInvis .      - Unarmed
rCold   . . .      Faith    .    (no shield)
rNeg    . . .      Spirit   .    a - +0 robe
rPois   .          Reflect  .    (helmet currently unavailable)
rElec   .          Harm     .    (no cloak)
rCorr   .          Rampage  .    (no gloves)
Will    .....                    (boots currently unavailable)
Stlth   +.........               (no amulet)
HPRegen 0.23/turn                (no ring)
MPRegen 0.10/turn                (no ring)

@: appendages (expiring)
A: horns 2, talons 2, high MP 1, forlorn, divine attributes
a: End Transformation


You were on level 2 of the Dungeon.
You had temporarily grown beastly horns and talons.
You visited 1 branch of the dungeon, and saw 2 of its levels.

You collected 94 gold pieces.

Inventory:

Armour
 a - a +0 robe (worn)
Jewellery
 f - a ring of resist corrosion
Scrolls
 c - 2 scrolls of teleportation {unknown}
 d - a scroll of fog {unknown}
Potions
 b - a potion of lignification
 e - a potion of might {unknown}
 g - 3 potions of curing {unknown}
 h - a potion of attraction {unknown}


   Skills:
 - Level 0.8 Fighting
 - Level 1.7 Dodging
 + Level 2.9 Unarmed Combat
 - Level 1.7 Spellcasting
 * Level 2.3 Transmutations
 * Level 1.2 Poison Magic


You had 3 spell levels left.
You knew the following spells:

 Your Spells              Type           Power      Damage    Failure   Level
a - Beastly Appendage     Tmut           16%        N/A       9%          1

Your spell library contained the following spells:

 Spells                   Type           Power      Damage    Failure   Level
 Wereblood                Tmut           8%         N/A       13%         2
 Spider Form              Tmut/Pois      6%         N/A       32%         3
 Ice Form                 Ice/Tmut       4%         N/A       80%         4


Dungeon Overview and Level Annotations

Branches:
Dungeon (2/15)

Annotations:
D:2 Natasha


Innate Abilities, Weirdness & Mutations

You have temporarily grown beastly horns and talons.
You have an increased reservoir of magic. (+10% MP)
You shall have no god before yourself.
Your divine heritage dramatically boosts your attributes as you level up.


Message History

Your transformation is almost over.
No target in view!
Magic restored.
Your horns disappear.
Your talons disappear.
Found a stone staircase leading down.
You now have 94 gold pieces (gained 16).
An endoplasm comes into view.
The endoplasm quivers.
An endoplasm is nearby!
The endoplasm barely misses you.
You grow a pair of large bovine horns.
Your feet morph into talons.
The endoplasm freezes you.
You are frozen.
You hit the endoplasm but do no damage. You headbutt the endoplasm.
The endoplasm is severely wounded.
The endoplasm hits you but does no damage.
You hit the endoplasm.
You kill the endoplasm!
No target in view!
Your transformation is almost over.
HP restored.
Your horns disappear.
Your talons disappear.
h - a yellow potion
Found a stone staircase leading down.
g - 3 red potions (gained 1) Natasha, Servant of Life and Death comes into view.
She is carrying a wand of flame (29).
Natasha hisses angrily.
Natasha is nearby!
Natasha is nearby!
A giant cockroach comes into view.
A giant cockroach is nearby!
Natasha stares at you and mumbles some strange words.
The magic dart hits you!
You grow a pair of large bovine horns.
Your feet morph into talons.
Natasha zaps a wand.
The puff of flame hits you.
Your transformation is almost over.
Natasha zaps a wand.
The puff of flame misses you. Natasha casts a spell at you.
The magic dart hits you!
You die...

#.####....#........ .
#.# #.#..#.####### ..
#.####.#..#.# ...
#...........#
....######...........#
...................###
##
#.......#..###......
+.
#.......+.......?...
##
#.......#.@###......
.. #.#######h.# .....
#. # ..... ....
#....... ### #........
####..##.. #..# ...
.... ... . #.


You could see Natasha.

Vanquished Creatures
  2 ball pythons (D:1)
  2 bats (D:1)
  4 endoplasms
  A giant cockroach (D:1)
  A goblin (D:1)
  A hobgoblin (D:1)
  A quokka (D:1)
  2 frilled lizards (D:1)
  5 kobolds (D:1)
  A rat (D:1)
20 creatures vanquished.

Notes
Turn   | Place    | Note
-------+----------+-------------------------------------------
     0 | D:1      | KennySheep the Demigod Transmuter began the quest for the
                  | Orb.
     0 | D:1      | Reached XP level 1. HP: 15/15 MP: 5/5
   256 | D:1      | Reached XP level 2. HP: 7/22 MP: 5/7
   485 | D:1      | Reached skill level 1 in Poison Magic
   926 | D:2      | Noticed Natasha
   933 | D:2      | Killed from afar by Natasha

Illustrated notes

Levels and vault maps discovered:
D:1:      lemuel_arrival_funnel, layout_basic
D:2:      layout_basic, kennysheep_small_spiral, uniq_natasha

Skill      XL: |  1  2 |
---------------+-------+-----
Transmutations | 2 |  2.3
Poison Magic   | 1 |  1.2
Fighting       | |  0.8
Dodging        | |  1.7
Unarmed Combat | |  2.9
Spellcasting   | |  1.7

Action                   || total
-------------------------++-------
Melee: Unarmed           ||    73
       Kick              ||    12
       Headbutt          ||     5
 Cast: Beastly Appendage ||    14
Armor: Robe              ||    26
Dodge: Dodged            ||    79

Table legend: (Time is in decaauts)
 A = Elapsed time spent in this place.
 B = Non-inter-level travel time spent in this place.
 C = Inter-level travel time spent in this place.
 D = Time resting spent in this place.
 E = Time spent auto-exploring this place.
 F = Levels seen in this place.
 G = Mean time per level.
                   A        B        C        D        E       F      G
               +--------+--------+--------+--------+--------+-----+--------+
         Total |    929 |    922 |      7 |     62 |    669 |   2 |  464.5 |
       Dungeon |    929 |    922 |      7 |     62 |    669 |   2 |  464.5 |
               +--------+--------+--------+--------+--------+-----+--------+

Top non-repeatable levels by time:
     D:1: 827 daAuts
     D:2: 102 daAuts
